 Dungeon Crawl Stone Soup version 0.22.1-6-g1668fe2c40 (webtiles) character file.

4828 Jakon the Fighter (level 10, -14/93 HPs)
             Began as a Minotaur Fighter on Jan 22, 2019.
             Demolished by a slime creature (15 damage)
             ... on level 7 of the Dungeon.
             The game lasted 00:22:23 (7889 turns).

Jakon the Fighter (Minotaur Fighter)                Turns: 7889, Time: 00:22:23

Health: -14/93     AC: 13    Str: 21    XL:     10   Next: 25%
Magic:  9/9        EV:  9    Int:  8    God:
Gold:   201        SH:  0    Dex: 12    Spells: 9/9 levels left

rFire    + + .     SeeInvis +   G - +8 lajatang of Judgement {drain, rC- MR+++ Int+2 SInv}
rCold    x . .     Gourm    .   (shield currently unavailable)
rNeg     . . .     Faith    .   E - +0 fire dragon scales
rPois    .         Spirit   .   (helmet restricted)
rElec    .         Reflect  .   (no cloak)
rCorr    .         Harm     +   B - +0 pair of gloves
MR       +++..                  (no boots)
Stlth    ..........             z - amulet of harm
HPRegen  0.25/turn              m - ring of ice
MPRegen  0.11/turn              t - ring of protection from fire

@: no status effects
A: retaliatory headbutt, horns 2
a: no special abilities


You were on level 7 of the Dungeon.
You were not hungry.

You visited 1 branch of the dungeon, and saw 7 of its levels.
You also visited: Sewer.

You collected 201 gold pieces.

Inventory:

Hand Weapons
 c - a +1 hand axe of freezing
 G - the +8 lajatang of Judgement (weapon) {drain, rC- MR+++ Int+2 SInv}
   (You found it on level 7 of the Dungeon)

   A truly terrible weapon, it drains the life of those it strikes.
   It affects your intelligence (+2).
   It makes you vulnerable to cold.
   It affects your resistance to hostile enchantments.
   It lets you see invisible.
Missiles
 A - 4 javelins (quivered)
Armour
 u - a +2 shield
 B - a +0 pair of gloves (worn)
 E - +0 fire dragon scales (worn)
 J - a +3 ring mail of poison resistance
Jewellery
 m - a ring of ice (left hand)
 t - a ring of protection from fire (right hand)
 z - an amulet of harm (around neck)
Wands
 C - a wand of paralysis (8)
 F - a wand of iceblast (11)
Scrolls
 g - 4 scrolls of remove curse
 h - 2 scrolls of enchant weapon
 i - a scroll of immolation {unknown}
 k - 6 scrolls of teleportation
 o - a scroll of fog
 p - a scroll of enchant armour {unknown}
 q - 5 scrolls of identify {unknown}
 s - a scroll of random uselessness {unknown}
 x - a scroll of magic mapping {unknown}
 y - 3 scrolls of blinking
 D - a scroll of holy word {unknown}
 H - 2 scrolls of summoning {unknown}
Potions
 a - a potion of degeneration {unknown}
 b - a potion of haste {unknown}
 d - 4 potions of might
 e - a potion of cancellation {unknown}
 j - a potion of mutation {unknown}
 l - 2 potions of heal wounds
 n - 2 potions of agility
 r - 3 potions of lignification {unknown}
 v - 4 potions of magic {unknown}
 w - 3 potions of curing {unknown}
Comestibles
 f - 5 rations


   Skills:
 + Level 10.0 Fighting
 - Level 8.4 Axes
 + Level 4.5 Staves
 + Level 10.0 Armour
 - Level 8.9 Shields


You had 9 spell levels left.
You didn't know any spells.
Your spell library contained the following spells:

 Spells                   Type           Power        Failure   Level  Hunger
 Animate Skeleton         Necr           N/A          75%         1    ##.....
 Magic Dart               Conj           #...         75%         1    ##.....
 Pain                     Necr           #...         75%         1    ##.....
 Shock                    Conj/Air       #...         75%         1    ##.....
 Blink                    Tloc           N/A          87%         2    ###....
 Call Imp                 Summ           #.......     87%         2    ###....
 Slow                     Hex            #.......     87%         2    ###....
 Swiftness                Chrm/Air       #.......     87%         2    ###....
 Conjure Flame            Conj/Fire      #.......     98%         3    ####...
 Mephitic Cloud           Conj/Pois/Air  #.......     98%         3    ####...
 Regeneration             Chrm/Necr      #.........   98%         3    ####...
 Static Discharge         Conj/Air       #.......     98%         3    ####...
 Vampiric Draining        Necr           #.........   98%         3    ####...
 Airstrike                Air            #.........   100%        4    #####..
 Animate Dead             Necr           N/A          100%        4    #####..
 Lightning Bolt           Conj/Air       #.........   100%        5    ######.


Dungeon Overview and Level Annotations

Branches:
Dungeon (7/15)             Temple (0/1) D:7

Altars:
Elyvilon
Gozag
Makhleb
Ru
Sif Muna


Innate Abilities, Weirdness & Mutations

You reflexively headbutt those who attack you in melee.
You have a pair of horns on your head.


Message History

You furiously retaliate!
You headbutt the large slime creature!
Two slime creatures merge to form a large slime creature.
You slash the large slime creature! You headbutt the large slime creature!
The large slime creature is heavily wounded.
The large slime creature hits you!!
* * * LOW HITPOINT WARNING * * *
You feel much better.
A large slime creature splits.
You feel much better. The slime creature barely misses you.
You furiously retaliate!
You headbutt the slime creature! The large slime creature hits you!
The slime creature hits you but does no damage.
You hit the slime creature.
The slime creature is severely wounded.
The slime creature hits you but does no damage.
The large slime creature hits you!!
* * * LOW HITPOINT WARNING * * *
The slime creature hits you!
* * * LOW HITPOINT WARNING * * *
The slime creature hits you!
You die...

######## #......#########
...............# #######
........#.#....#####..[....
#####..#.#.#....JJ.........
# #.#.#)#.#...@J.........
.......#.>.#..######.).....
......#.#.#.#........######
.......#.#.#.........#
........#.#..........#
.....................#
#.>..######......<...#
......####...<.......#
.....................#


You could see a large slime creature and 2 slime creatures.

Vanquished Creatures
  Harold (D:7)
  Pikel (D:6)
  2 slime creatures (D:7)
  A hippogriff (D:7)
  A hungry ghost (D:7)
  4 ice beasts
  An orc warrior (D:6)
  A slave (D:6)
  A phantom (D:6)
  2 sky beasts (D:5)
  A necrophage (D:5)
  4 ogres
  A centaur (D:6)
  4 bullfrogs
  A gnoll sergeant (D:5)
  A scorpion (D:5)
  8 wights (D:7)
  2 howler monkeys (D:6)
  4 crimson imps
  6 hounds
  A bullfrog skeleton (D:6)
  2 orc wizards
  An orc priest (D:6)
  A centaur skeleton (D:4)
  3 worker ants
  A hound zombie (D:7)
  A hound skeleton (D:7)
  A mummy (D:4)
  11 gnolls
  8 adders
  7 river rats (Sewer)
  A shadow imp (D:7)
  5 oozes
  An adder zombie (D:5)
  3 worms
  2 dart slugs
  6 leopard geckos
  15 orcs
  7 giant cockroaches
  12 goblins
  9 hobgoblins
  12 jackals
  8 kobolds
  A quokka (D:4)
  14 ball pythons
  10 bats
  4 frilled lizards
  A giant cockroach zombie (D:5)
  A hobgoblin zombie (D:4)
  A kobold zombie (D:4)
  A quokka skeleton (D:5)
  32 rats
230 creatures vanquished.

Vanquished Creatures (others)
  A slave (D:7)
  A shadow imp (D:7)
2 creatures vanquished.

Grand Total: 232 creatures vanquished

Notes
Turn   | Place    | Note
-------+----------+-------------------------------------------
     0 | D:1      | Jakon the Minotaur Fighter began the quest for the Orb.
     0 | D:1      | Reached XP level 1. HP: 19/19 MP: 0/0
   130 | D:1      | Reached XP level 2. HP: 27/27 MP: 1/1
   412 | D:1      | Reached XP level 3. HP: 33/33 MP: 2/2
   994 | D:2      | Found a sacrificial altar of Ru.
   998 | D:2      | Reached XP level 4. HP: 36/41 MP: 3/3
  1127 | D:2      | Found an opulent altar of Gozag.
  1627 | D:3      | Found a white marble altar of Elyvilon.
  2248 | D:4      | Reached XP level 5. HP: 42/47 MP: 4/4
  2316 | D:4      | Found a glowing drain.
  2351 | Sewer    | Entered a sewer
  2508 | Sewer    | Reached skill level 5 in Fighting
  2515 | Sewer    | Reached skill level 5 in Shields
  2646 | Sewer    | Reached skill level 5 in Armour
  2865 | Sewer    | Reached XP level 6. HP: 37/56 MP: 5/5
  3445 | D:4      | Reached skill level 5 in Axes
  3445 | D:4      | Reached XP level 7. HP: 62/62 MP: 6/6
  4247 | D:5      | Entered Level 5 of the Dungeon
  4649 | D:5      | Reached XP level 8. HP: 71/71 MP: 7/7
  5639 | D:6      | Found a burning altar of Makhleb.
  5639 | D:6      | Noticed a cacodemon
  6042 | D:6      | Reached XP level 9. HP: 61/81 MP: 8/8
  6165 | D:6      | Found a deep blue altar of Sif Muna.
  6564 | D:7      | Noticed Pikel
  6590 | D:6      | Killed Pikel
  7099 | D:7      | Got a transparent lajatang
  7106 | D:7      | Identified the +8 lajatang of Judgement {drain, rC- MR+++
                  | Int+2 SInv} (You found it on level 7 of the Dungeon)
  7246 | D:7      | Reached skill level 1 in Staves
  7634 | D:7      | Found a staircase to the Ecumenical Temple.
  7640 | D:7      | Noticed Harold
  7653 | D:7      | Killed Harold
  7653 | D:7      | Reached XP level 10. HP: 39/93 MP: 9/9
  7884 | D:7      | Reached skill level 10 in Fighting
  7884 | D:7      | Reached skill level 10 in Armour
  7886 | D:7      | HP: 1/93 [large slime creature (39)]
  7889 | D:7      | Demolished by a slime creature

Skill      XL: |  1  2  3  4  5  6  7  8  9 10 |
---------------+-------------------------------+-----
Fighting       | 4 5 6 7 9 10 | 10.0
Armour         | 4 5 6 7 9 10 | 10.0
Shields        | 4 5 6 7 8 |  8.9
Axes           | 3 4 5 6 7 8 |  8.4
Staves         | 3 4 |  4.5

Action                   |  1- 3 |  4- 6 |  7- 9 | 10-12 || total
-------------------------+-------+-------+-------+-------++-------
Melee: War axe           |    86 |   182 |    96 |       ||   364
       Headbutt          |    13 |    18 |    57 |     4 ||    92
       Hand axe          |       |       |   137 |       ||   137
       Lajatang          |       |       |    36 |    10 ||    46
  Use: Potion            |       |     1 |     2 |     2 ||     5
       Scroll            |       |     5 |       |       ||     5
  Eat: Chunk             |       |     9 |     6 |     1 ||    16
       Ration            |       |       |     2 |       ||     2
Armor: Scale mail        |    51 |    92 |    45 |       ||   188
       Fire dragon scale |       |       |    41 |     5 ||    46
Dodge: Dodged            |    39 |    71 |    79 |     5 ||   194
Block: Shield            |    68 |   118 |   146 |       ||   332
